cohdb
Replays
Latest Replays
All Replays
Popular Replays
Top Player Replays
Match Explorer
How It Works
Community
CoH3 Stats
Reddit
Sign in to upload your games and track your stats! →
Sign in with Steam
Match 41872787
Unlisted
Match 41872787
Overview
Messages
Build Orders
End
Construct Barracks
Riflemen Squad
Riflemen Squad
Construct Weapon Support Center
Selects Heavy Weapons
Bazooka Squad
Construct Medical Station
Grenade Package
M1919 Machine Gun Team
Selects M2HB .50cal Heavy Machine Gun
Mechanized Support Center
Riflemen Squad
Selects Assault Carriers
M3 Assault Carrier
M1918 Browning Automatic Rifles
M1919 Machine Gun Team
M3 Assault Carrier
Selects Exchangeable Parts
Engineer Squad
M3 Assault Carrier
Riflemen Squad
Construct Motor Pool
Salvage Crew
Designate Forward Repair Station
M1 Anti-tank Gun Team
Selects M26 Pershing Heavy Tank
M26 Pershing Heavy Tank
Riflemen Squad
Rapid Repairs
Engineer Squad
M1919 Machine Gun Team
Selects Gallant Stand
Selects Black Dragon Artillery Barrage
Riflemen Squad
Engineer Squad
Black Dragon Artillery Barrage
kennyemmy
Markie21marc
vonAJ
Pontiki
YB
fusk
Andy Hug
Meh5:30
0
0
Comments
sign in to comment!
No comments posted yet!